 Dungeon Crawl Stone Soup version bcrawl-1.38.2 (webtiles) character file.

Game seed: 16851564166226522477

141255 AlmostAGhost the Skirmisher (level 3, -2/30 HPs)
             Began as a Demonspawn Abyssal Knight on May 6, 2023.
             Was a Believer of Lugonu.
             Slain by a gnoll
             ... wielding a +0 spear
              (3 damage)
             ... on level 2 of the Dungeon.
             The game lasted 00:03:35 (1151 turns).

AlmostAGhost the Skirmisher (DsAK)                  Turns: 1151, Time: 00:03:36

Health: -2/30      AC: 10    Str: 14    XL:     3   Next: 73%
Magic:  5/5        EV:  6    Int: 11    God:    Lugonu [**....]
Gold:   65         SH:  0    Dex: 13    Spells: 2/2 levels left

rFire    . . .     GDR:     27% a - +0 long sword
rCold    . . .     SeeInvis .   (no shield)
rNeg     . . .     Gourm    .   k - +0 chain mail
rPois    .         Faith    .   (no helmet)
rElec    .         Spirit   .   (no cloak)
rCorr    .         Reflect  .   (no gloves)
MR       .....                  (no boots)
Stlth    ..........             (no amulet)
HPRegen  0.15/turn              (no ring)
MPRegen  0.09/turn              (no ring)

@: about to teleport
A: icy blue scales 1, powered by pain 1
a: Depart the Abyss, Bend Space, Banish, Renounce Religion


You were on level 2 of the Dungeon.
You worshipped Lugonu.
Lugonu was pleased with you.
You were hungry.

You visited 1 branch of the dungeon, and saw 2 of its levels.
You visited the Abyss 1 time.

You collected 65 gold pieces.

Inventory:

Hand Weapons
 a - a +0 long sword (weapon)
Missiles
 c - 10 tomahawks of dispersal {=f}
 d - 599 stones (quivered)
 i - 106 poisoned needles
Armour
 b - a +0 ring mail
 g - a +0 helmet
 k - a +0 chain mail (worn)
Jewellery
 n - an uncursed ring of poison resistance {unknown}
Scrolls
 f - a scroll of remove curse {unknown}
 h - a scroll of teleportation
 m - a scroll of enchant weapon {unknown}
Potions
 j - a potion of magic {unknown}
 l - a potion of haste {unknown}
 o - a potion of flight {unknown}
 p - a potion of brilliance {unknown}
Comestibles
 e - 2 rations {!d}
 q - 2 chunks of flesh


   Skills:
 + Level 3.8 Fighting
 + Level 2.7 Long Blades
 + Level 0.8 Throwing
 + Level 1.9 Armour
 + Level 1.1 Dodging
 + Level 2.9 Invocations


You had 2 spell levels left.
You didn't know any spells.
Your spell library was empty.

Dungeon Overview and Level Annotations

Branches:
Dungeon (2/12)

Altars:
Fedhas


Innate Abilities, Weirdness & Mutations

You are partially covered in icy blue scales. (AC +2)
You sometimes gain a little power by taking damage.


Message History

The gnoll hits you but does no damage.
The gnoll hits you from afar with a +0 halberd.
Your chain mail prevents you from hitting the gnoll.
The gnoll hits you but does no damage. x3
You hit the gnoll but do no damage. The gnoll barely misses you.
The gnoll hits you but does no damage. The gnoll barely misses you.
Your chain mail prevents you from hitting the gnoll.
The gnoll hits you with a +0 whip. The gnoll hits you but does no damage.
The gnoll hits you from afar with a +0 halberd!
* * * LOW HITPOINT WARNING * * *
You hit the gnoll but do no damage. The gnoll closely misses you.
The gnoll hits you but does no damage.
The gnoll hits you from afar with a +0 halberd.
* * * LOW HITPOINT WARNING * * *
The gnoll barely misses you.
As you read the scroll labeled NITIAD BUSHIHO, it crumbles to dust.
You feel strangely unstable.
It was a scroll of teleportation.
The gnoll hits you but does no damage. The gnoll closely misses you.
The gnoll hits you from afar with a +0 spear.
You die...

##################
.............ggg@#
..#...#...#...#..#
?.............g._#
..#...#...#...#..#
.................#
##################
.... .... ....


You could see 3 gnolls and a goblin.

Vanquished Creatures
  A gnoll (D:1)
  A dart slug (D:2)
  3 leopard geckos
  4 bats
  2 giant cockroaches (D:1)
  3 goblins
  8 hobgoblins
  6 jackals
  2 kobolds (D:1)
  A quokka (D:2)
  2 frilled lizards
  3 rats
36 creatures vanquished.

Notes
Turn   | Place    | Note
-------+----------+-------------------------------------------
     0 | Abyss:1  | AlmostAGhost the Demonspawn Abyssal Knight began the quest
                  | for the Orb.
     0 | Abyss:1  | Reached XP level 1. HP: 18/18 MP: 2/2
    27 | D:1      | Escaped the Abyss
   207 | D:1      | Gained mutation: You are partially covered in icy blue
                  | scales. (AC +2) [demonic ancestry]
   207 | D:1      | Reached XP level 2. HP: 23/24 MP: 4/4
   338 | D:1      | Reached skill level 1 in Dodging
   475 | D:1      | Gained mutation: You sometimes gain a little power by
                  | taking damage. [demonic ancestry]
   475 | D:1      | Reached XP level 3. HP: 29/29 MP: 5/5
   590 | D:1      | Reached ** piety under Lugonu
   933 | D:2      | Found a glowing golden altar of the Shining One.
  1133 | D:2      | Found a blossoming altar of Fedhas.
  1150 | D:2      | HP: 1/30 [gnoll/+0 halberd (2)]
  1151 | D:2      | Slain by a gnoll

Skill      XL: |  1  2 |
---------------+-------+-----
Long Blades    | 2 |  2.7
Dodging        | 1 |  1.1
Fighting       | |  3.8
Throwing       | |  0.8
Armour         | |  1.9
Invocations    | |  2.9

Action                   || total
-------------------------++-------
Melee: Long sword        ||   144
  Use: Scroll            ||     1
  Eat: Chunk             ||     4
Armor: Ring mail         ||     2
       Chain mail        ||   128
Dodge: Dodged            ||    67
